 Dungeon Crawl Stone Soup version 0.18-b1-10-g3f7de93 (webtiles) character file.

87962 LORDOFBUTT the Severer (level 15, -1/139 HPs)
             Began as a Minotaur Berserker on Apr 30, 2016.
             Was the Champion of Trog.
             Slain by a flail of crushing (4 damage)
             ... on level 2 of the Elven Halls.
             The game lasted 00:46:47 (23099 turns).

LORDOFBUTT the Severer (Minotaur Berserker)        Turns: 23099, Time: 00:46:47

Health: -1/139     AC: 21    Str: 20    XL:     15   Next: 45%
Magic:  4/4        EV: 21    Int:  4    God:    Trog [******]
Gold:   2221       SH:  0    Dex: 19    Spells: 0 memorised, 14 levels left

rFire  + + .     SeeInvis .     i - +4 demon trident (antimagic)
rCold  + + .     Gourm    .     y - +1 ring mail "Xuqu" {rF++ rC+ Str-2}
rNeg   . . .     Faith    .     (no shield)
rPois  .         Spirit   .     (helmet restricted)
rElec  .         Dismiss  .     C - +2 cloak
rCorr  .         Reflect  .     J - +0 pair of gloves
SustAt .         Harm     .     P - +2 pair of boots
MR     +....                    (no amulet)
Stlth  ++........               N - +3 ring of dexterity
                                O - +2 ring of protection

@: very slightly contaminated, hasted, very quick, somewhat resistant to hostile
enchantments, unstealthy
A: retaliatory headbutt, horns 2, thin metallic scales 1, blurry vision 1, cold
resistance 1, sturdy frame 1
a: Berserk, Trog's Hand, Brothers in Arms, Burn Spellbooks, Renounce Religion


You were on level 2 of the Elven Halls.
You worshipped Trog.
Trog was exalted by your worship.
You were not hungry.

You visited 4 branches of the dungeon, and saw 24 of its levels.
You also visited: Sewer.

You collected 2401 gold pieces.
You spent 180 gold pieces at shops.

Inventory:

Hand Weapons
 f - a +5 war axe of chopping
 i - a +4 antimagic demon trident (weapon)
 o - the +6 halberd of Fixation {speed, MP-9 Str+5}
   (You found it in a sewer)

   Attacks with this weapon are significantly faster.
   It affects your strength (+5).
   It affects your magic capacity (-9).
 Y - a +9 broad axe of protection
Armour
 v - a +1 scale mail of fire resistance
 y - the +1 ring mail "Xuqu" (worn) {rF++ rC+ Str-2}
   (You bought it in a shop on level 2 of the Orcish Mines)

   It affects your strength (-2).
   It greatly protects you from fire.
   It protects you from cold.
 C - a +2 cloak (worn)
 J - a +0 pair of gloves (worn)
 P - a +2 pair of boots (worn)
Jewellery
 q - an uncursed ring of flight
 x - an uncursed ring of positive energy
 M - an uncursed ring of protection from magic
 N - a +3 ring of dexterity (right hand)
 O - a +2 ring of protection (left hand)
Wands
 n - a wand of slowing (27/48)
 p - a wand of slowing (31/48)
 w - a wand of iceblast (4/15)
 H - a wand of teleportation (6/9)
Scrolls
 e - a scroll of summoning
 g - a scroll of silence
 h - a scroll of torment
 m - 7 scrolls of remove curse
 r - 3 scrolls of recharging
 t - a scroll of fog
 u - 6 scrolls of magic mapping
 D - 5 scrolls of identify
Potions
 a - a potion of magic
 b - a potion of cure mutation
 d - 2 potions of flight
 j - 3 potions of brilliance
 k - a potion of resistance
 B - a potion of lignification {unknown}
 Q - 5 potions of might
Books
 E - Sif Muna's Papyrus of Confrontation and Calling
   (You found it on level 1 of the Elven Halls)

   Spells                             Type                      Level
   a - Summon Small Mammal            Summoning                    1
   b - Throw Flame                    Conjuration/Fire             2
   c - Call Canine Familiar           Summoning                    3
   d - Summon Forest                  Summoning/Translocation      5
   e - Summon Demon                   Summoning                    5
   Trog disapproves of the use of such an item.
Comestibles
 c - 5 bread rations
 s - a beef jerky
 G - 21 fruits
 L - 4 meat rations


   Skills:
 + Level 14.4 Fighting
 * Level 17.9(19.7) Axes
 + Level 15.0(18.3) Polearms
 + Level 11.3 Armour
 + Level 12.1 Dodging
 + Level 3.7 Stealth


You had 14 spell levels left.
You didn't know any spells.

Dungeon Overview and Level Annotations

Branches:
Dungeon (12/15)            Temple (0/1) D:5            Lair (8/8) D:8
 Shoals (0/4) Lair:6        Snake (0/4) Lair:5        Slime (0/6) Lair:6
    Orc (2/2) D:10            Elf (2/3) Orc:2

Altars:
Elyvilon
Fedhas
Gozag
Kikubaaqudgha
Makhleb
Okawaru
Pakellas
Ru
Sif Muna
Trog
Vehumet
Xom
Yredelemnul
The Shining One
Beogh
Jiyva

Shops:
Orc:1 *%[:   Orc:2 [=(*   Elf:1 !

Annotations:
D:6 exclusion: oklob plant
D:12 Kirke, Maurice


Innate Abilities, Weirdness & Mutations

You reflexively headbutt those who attack you in melee.
You have a pair of horns on your head.
You are partially covered in thin metallic scales (AC +2).
Scrolls take you a little longer to read.
Your flesh is cold resistant.
Your movements are slightly less encumbered by armour (ER -2).


Message History

The redback bites you but does no damage.
The fire elemental completely misses you.
The flail of crushing misses you.
The deep elf mage shouts!
You impale the redback!!
You kill the redback!
The redback's corpse disappears in a puff of smoke!
The fire elemental hits you. The fire elemental burns you! You resist.
* * * LOW HITPOINT WARNING * * *
The flail of crushing hits you!
* * * LOW HITPOINT WARNING * * *
x2 The hell rat misses you.
The deep elf mage mumbles some strange words.
The deep elf mage blinks!
You miss the sixfirhy.
The sixfirhy is moderately wounded.
The fire elemental misses you.
The deep elf mage gestures wildly while chanting.
The deep elf mage blinks!
The flail of crushing hits you.
You die...

...................
.............§...#
................# .##
..#......e§.....# ..#
. ##...........## ...#
##......e4e.## #..#
#.........3Y.###...##
#..........Y..4#.....#
.............§r@(....#
...##...##..Y##E.....#
.# ##.# ##.####...###
## ### #####


You could see an orange demon, a deep elf knight, 2 deep elf magi, a sixfirhy, a
fire elemental, a neqoxec, 3 ice beasts, a hell rat and a flail of crushing.

Vanquished Creatures
  A deep elf sorcerer (Elf:1)
  An orc warlord (Orc:2)
  The ghost of ShutUppercut the Peltast, a journeyman GrFi of Qazlal (Orc:2)
  A stone giant (Orc:1)
  A deep elf death mage (Elf:1)
  Harold (Orc:1)
  6 hydras
  Erica (D:9)
  The ghost of Grivan the Geomancer, a novice DDEE of Makhleb (D:10)
  4 dancing weapons
  4 death yaks
  An orc high priest (Orc:2)
  4 deep elf knights
  Sonja (Lair:1)
  A deep elf archer (Elf:2)
  3 orc knights (Orc:2)
  2 hill giants
  2 wolf spiders (Lair:8)
  A hornet (Lair:8)
  A cyclops (Orc:2)
  31 deep elf magi
  A manticore (Lair:6)
  4 orc sorcerers (Orc:2)
  3 griffons
  7 black mambas
  5 elephants (Lair:7)
  Psyche (D:9)
  10 spiny frogs
  A guardian serpent (Lair:8)
  A torpor snail (Lair:4)
  A centaur skeleton (D:11)
  6 komodo dragons
  2 rime drakes
  2 polar bears
  7 trolls
  Grinder (D:5)
  25 blink frogs
  2 two-headed ogres
  A boulder beetle (Lair:8)
  A wraith (D:8)
  An air elemental (Elf:1)
  A redback (Lair:8)
  A water elemental (Elf:1)
  2 fire elementals (Elf:1)
  5 basilisks
  7 wyverns
  56 yaks
  2 hungry ghosts (D:8)
  A human (D:4)
  8 wargs
  15 hippogriffs
  4 nagas (Lair:5)
  7 swamp worms (Lair:3)
  19 water moccasins
  11 porcupines
  4 ice beasts
  3 sky beasts
  2 black bears
  27 orc warriors
  4 wasps (Lair:8)
  An eye of draining (D:10)
  A phantom (D:8)
  9 wolves (Lair:2)
  9 ogres
  A necrophage (D:7)
  5 centaurs
  15 crocodiles
  5 big kobolds
  A wyvern zombie (D:11)
  22 giant frogs
  A scorpion (D:5)
  5 killer bees (D:11)
  4 electric eels
  4 crimson imps
  2 giant frog zombies
  A human zombie (D:4)
  A gnoll shaman (D:7)
  8 hounds
  3 jellies
  2 giant frog skeletons
  20 orc priests
  22 orc wizards
  15 worker ants
  11 iguanas
  22 sheep
  2 hound zombies
  3 hound skeletons
  11 gnolls
  77 river rats
  22 adders
  A shadow imp (D:8)
  An ooze (D:1)
  An adder skeleton (D:9)
  12 worms
  3 dart slugs
  8 giant geckos
  53 orcs
  15 giant cockroaches
  11 goblins
  5 hobgoblins
  17 jackals
  3 quokkas
  3 ball pythons
  8 bats
  10 giant newts
  27 kobolds
  A kobold skeleton (D:4)
  A kobold zombie (D:4)
  9 rats
  3 fungi
  A plant (Lair:7)
828 creatures vanquished.

Vanquished Creatures (others)
  A fire elemental (Elf:2)
  12 fungi
  5 plants
18 creatures vanquished.

Grand Total: 846 creatures vanquished

Notes
Turn   | Place    | Note
--------------------------------------------------------------
     0 | D:1      | LORDOFBUTT the Minotaur Berserker began the quest for the Orb.
     0 | D:1      | Reached XP level 1. HP: 19/19 MP: 0/0
   165 | D:1      | Reached XP level 2. HP: 27/27 MP: 1/1
   379 | D:1      | Reached skill level 4 in Axes
   842 | D:2      | Found a faded altar to an unknown god.
   896 | D:2      | Reached XP level 3. HP: 33/33 MP: 2/2
   921 | D:2      | Reached ** piety under Trog
  1533 | D:3      | Reached XP level 4. HP: 41/41 MP: 3/3
  1605 | D:3      | Found an oddly glowing altar of Pakellas.
  1627 | D:3      | Reached skill level 5 in Axes
  1947 | D:3      | Reached *** piety under Trog
  1964 | D:3      | Found a blossoming altar of Fedhas.
  2016 | D:3      | Reached XP level 5. HP: 47/47 MP: 4/4
  2029 | D:3      | Reached skill level 1 in Stealth
  2208 | D:4      | Found a runed door.
  2208 | D:4      | Noticed a human
  2211 | D:4      | Found a basalt altar of Yredelemnul.
  2262 | D:4      | Reached skill level 5 in Fighting
  2384 | D:4      | Noticed an ogre
  2392 | D:4      | Killed an ogre
  2392 | D:4      | Reached XP level 6. HP: 40/56 MP: 5/5
  2661 | D:4      | Got a faintly glowing robe
  2672 | D:4      | Identified the +1 robe "Omuxze" {Regen+ rCorr} (You found it on level 4 of the Dungeon)
  2862 | D:4      | Killed a human
  2862 | D:4      | Reached skill level 6 in Axes
  2927 | D:5      | Entered Level 5 of the Dungeon
  2943 | D:5      | Found an iron altar of Okawaru.
  2957 | D:5      | Found an iron altar of Okawaru.
  3055 | D:5      | Reached XP level 7. HP: 56/61 MP: 6/6
  3168 | D:5      | Found a glowing drain.
  3182 | D:5      | Noticed Grinder
  3195 | D:5      | Killed Grinder
  3195 | D:5      | Reached skill level 5 in Dodging
  3222 | Sewer    | Entered a sewer
  3355 | Sewer    | Reached **** piety under Trog
  3363 | Sewer    | Reached skill level 7 in Axes
  3504 | Sewer    | Got a scorched halberd
  3505 | Sewer    | Identified the +6 halberd of Fixation {speed, MP-9 Str+5} (You found it in a sewer)
  3898 | D:5      | Found a bloodstained altar of Trog.
  3905 | D:5      | Reached skill level 1 in Polearms
  3905 | D:5      | Reached XP level 8. HP: 61/70 MP: 0/7
  4091 | D:5      | Found a staircase to the Ecumenical Temple.
  4241 | D:6      | Found an oddly glowing altar of Pakellas.
  4243 | D:6      | Noticed an oklob plant
  4298 | D:6      | Found a radiant altar of Vehumet.
  4299 | D:6      | Found a burning altar of Makhleb.
  4804 | D:7      | Reached skill level 5 in Armour
  4837 | D:7      | Reached skill level 5 in Polearms
  5029 | D:7      | Reached XP level 9. HP: 77/78 MP: 0/8
  5332 | D:7      | Found a glowing golden altar of the Shining One.
  5660 | D:8      | Found a sacrificial altar of Ru.
  5728 | D:8      | Reached ***** piety under Trog
  6020 | D:8      | Found a staircase to the Lair.
  6069 | D:8      | Received a gift from Trog
  6069 | D:8      | Reached XP level 10. HP: 55/88 MP: 0/9
  6446 | D:9      | Reached skill level 8 in Axes
  6492 | D:9      | Noticed Psyche
  6496 | D:9      | Killed Psyche
  6496 | D:9      | Reached skill level 10 in Polearms
  6578 | D:9      | Got a polished leather armour
  6589 | D:9      | Identified the +3 leather armour "Wuci" {-Cast rF+ rC++ Str+3} (You found it on level 9 of the Dungeon)
  6667 | D:9      | Found a white marble altar of Elyvilon.
  6667 | D:9      | Found a deep blue altar of Sif Muna.
  6735 | D:9      | Found an opulent altar of Gozag.
  6755 | D:9      | Found a shimmering altar of Xom.
  6781 | D:9      | Noticed Erica
  6793 | D:9      | HP: 4/90 [something/bolt of poison (18)]
  6802 | D:9      | Killed Erica
  6802 | D:9      | Reached skill level 9 in Axes
  7398 | D:10     | Entered Level 10 of the Dungeon
  7398 | D:10     | Noticed Grivan's ghost (novice DDEE)
  7413 | D:10     | Killed Grivan's ghost
  7741 | D:10     | Reached skill level 10 in Axes
  7913 | D:10     | Found a staircase to the Orcish Mines.
  7923 | D:10     | Noticed a hill giant
  7929 | D:10     | Killed a hill giant
  7929 | D:10     | Reached XP level 11. HP: 95/97 MP: 1/10
  8528 | D:11     | Noticed a hill giant
  8531 | D:11     | Killed a hill giant
  8936 | D:11     | Received a gift from Trog
  9340 | D:12     | Noticed Kirke
  9340 | D:12     | Noticed Maurice
  9411 | Orc:1    | Entered Level 1 of the Orcish Mines
  9419 | Orc:1    | Noticed a stone giant
  9431 | Orc:1    | Killed a stone giant
  9431 | Orc:1    | Reached skill level 11 in Axes
  9676 | Orc:1    | Found Qaluc's Armour Boutique.
  9801 | Orc:1    | Found a roughly hewn altar of Beogh.
  9827 | Orc:1    | Found Ocianki's Assorted Antiques.
  9976 | Orc:1    | Found Utiamaho's Food Boutique.
  9977 | Orc:1    | Noticed Harold
  9986 | Orc:1    | Killed Harold
 10032 | Orc:1    | Found a dark tunnel.
 10092 | Orc:1    | Found Xatipyntic's Book Emporium.
 10250 | Orc:2    | Entered Level 2 of the Orcish Mines
 10251 | Orc:2    | Found a staircase to the Elven Halls.
 10255 | Orc:2    | Noticed an orc knight
 10256 | Orc:2    | Found Azaofulepnil's General Store.
 10265 | Orc:2    | Reached skill level 12 in Axes
 10266 | Orc:2    | Killed an orc knight
 10266 | Orc:2    | Reached skill level 10 in Fighting
 10289 | Orc:2    | Noticed an orc knight
 10293 | Orc:2    | Noticed ShutUppercut's ghost (journeyman GrFi)
 10675 | Lair:1   | Entered Level 1 of the Lair of Beasts
 10877 | Lair:1   | Noticed Sonja
 10885 | Lair:1   | Killed Sonja
 10885 | Lair:1   | Reached XP level 12. HP: 80/106 MP: 11/11
 11711 | Lair:2   | Reached skill level 13 in Axes
 11748 | Lair:2   | Noticed a seven-headed hydra
 11758 | Lair:2   | Killed an 11-headed hydra
 11764 | Lair:2   | Received a gift from Trog
 12797 | Lair:2   | Reached skill level 10 in Armour
 12808 | Lair:2   | Reached ****** piety under Trog
 13600 | Lair:3   | Noticed an eight-headed hydra
 13608 | Lair:3   | Killed an eight-headed hydra
 13608 | Lair:3   | Reached skill level 10 in Dodging
 13920 | Lair:3   | Reached XP level 13. HP: 81/116 MP: 4/12
 13936 | Lair:3   | HP: 5/116 [swamp worm (6)]
 14556 | Lair:4   | Gained mutation: You are partially covered in thin metallic scales (AC +2). [potion of mutation]
 14556 | Lair:4   | Gained mutation: Scrolls take you a little longer to read. [potion of mutation]
 14556 | Lair:4   | Gained mutation: Your flesh is cold resistant. [potion of mutation]
 14564 | Lair:4   | Gained mutation: Your movements are slightly less encumbered by armour (ER -2). [potion of beneficial mutation]
 14615 | Lair:4   | Received a gift from Trog
 15511 | Lair:5   | Reached skill level 14 in Axes
 15631 | Lair:5   | Found a staircase to the Snake Pit.
 16134 | Lair:6   | Found a staircase to the Shoals.
 16302 | Lair:6   | Found a staircase to the Slime Pits.
 16302 | Lair:6   | Found a viscous altar of Jiyva.
 16407 | Lair:6   | Received a gift from Trog
 16407 | Lair:6   | Reached skill level 15 in Axes
 17457 | Lair:7   | Received a gift from Trog
 17473 | Lair:7   | Reached skill level 16 in Axes
 17473 | Lair:7   | Reached XP level 14. HP: 76/127 MP: 4/13
 18094 | Lair:8   | Entered Level 8 of the Lair of Beasts
 18852 | Lair:8   | Received a gift from Trog
 20457 | Orc:2    | Found Fani's Antique Armour Shop.
 20617 | Orc:2    | Killed ShutUppercut's ghost
 20650 | Orc:2    | Found a bloodstained altar of Trog.
 20661 | Orc:2    | Bought a bloodstained ring mail for 180 gold pieces
 20671 | Orc:2    | Identified the +1 ring mail "Xuqu" {rF++ rC+ Str-2} (You bought it in a shop on level 2 of the Orcish Mines)
 20731 | Orc:2    | Found Akkoont's Antique Weapon Boutique.
 20770 | Orc:2    | Reached skill level 17 in Axes
 20961 | Orc:2    | Found Pevoezxa's Jewellery Boutique.
 20971 | Orc:2    | Paralysed by an orc sorcerer for 3 turns
 20978 | Orc:2    | Received a gift from Trog
 20979 | Orc:2    | Noticed an orc warlord
 20993 | Orc:2    | Killed an orc warlord
 21334 | Elf:1    | Entered Level 1 of the Elven Halls
 21399 | Elf:1    | Found Xosu's Distillery.
 21620 | Elf:1    | Reached XP level 15. HP: 119/138 MP: 4/14
 21691 | Elf:1    | Found an ancient bone altar of Kikubaaqudgha.
 22358 | Elf:1    | Noticed a deep elf sorcerer
 22369 | Elf:1    | Killed a deep elf sorcerer
 22378 | Elf:1    | Identified Sif Muna's Papyrus of Confrontation and Calling
 22947 | Elf:2    | Received a gift from Trog
 23068 | Elf:2    | Reached skill level 15 in Polearms
 23098 | Elf:2    | HP: 3/139 [flail of crushing (8)]
 23099 | Elf:2    | Slain by a flail of crushing

Skill      XL: |  1  2  3  4  5  6  7  8  9 10 11 12 13 14 15 |
---------------+----------------------------------------------+-----
Fighting       | 4 5 6 7 9 10 11 12 14 | 14.4
Axes           | 4 5 6 7 10 12 13 16 17 | 17.9
Dodging        | 3 4 6 7 8 9 10 11 12 | 12.1
Stealth        | 1 2 3 |  3.7
Armour         | 3 5 6 7 9 10 11 | 11.3
Polearms       | 1 5 9 10 11 12 13 14 15 | 15.0

Action                   |  1- 3 |  4- 6 |  7- 9 | 10-12 | 13-15 || total
-------------------------+-------+-------+-------+-------+-------++-------
Melee: Hand axe          |    80 |   113 |    63 |       |       ||   256
       Headbutt          |    18 |    26 |    42 |   139 |   279 ||   504
       Halberd           |       |       |   244 |   207 |    29 ||   480
       Battleaxe         |       |       |       |    69 |       ||    69
       Broad axe         |       |       |       |   170 |   475 ||   645
       Demon trident     |       |       |       |   275 |   618 ||   893
Invok: Berserk           |       |       |     1 |     7 |     5 ||    13
       Burn Spellbooks   |       |       |       |       |     2 ||     2
  Use: Scroll            |     2 |     4 |     3 |    15 |    11 ||    35
       Potion            |       |       |     1 |     4 |    18 ||    23
 Stab: Sleeping          |     3 |     4 |       |       |     5 ||    12
  Eat: Meat ration       |     1 |       |     2 |     5 |     3 ||    11
       Beef jerky        |     1 |       |       |     3 |     1 ||     5
       Bread ration      |       |       |     1 |       |     1 ||     2
       Fruit             |       |       |       |     8 |     6 ||    14
       Royal jelly       |       |       |       |     1 |       ||     1
       Pizza             |       |       |       |       |     3 ||     3
Armor: Animal skin       |    17 |    18 |       |       |       ||    35
       Ring mail         |       |     4 |    25 |       |    83 ||   112
       Scale mail        |       |       |    58 |   217 |   204 ||   479
Dodge: Dodged            |    48 |    68 |   136 |   371 |   671 ||  1294
